 Dungeon Crawl Stone Soup version 0.21-a0-28-g9a7844a (webtiles) character file.

86 JeffiDaFish the Shield-Bearer (level 4, 0/29 HPs)
             Began as a Gargoyle Fighter on May 25, 2017.
             Slain by a gnoll (1 damage)
             ... on level 3 of the Dungeon.
             The game lasted 00:06:10 (1391 turns).

JeffiDaFish the Shield-Bearer (Gargoyle Fighter)    Turns: 1391, Time: 00:06:11

Health: 0/29       AC: 11    Str: 25    XL:     4   Next: 50%
Magic:  0/4        EV:  7    Int:  8    God:
Gold:   176        SH: 10    Dex: 10    Spells: 3/3 levels left

rFire    . . .     SeeInvis +   a - +1 flail
rCold    . . .     Gourm    .   c - +0 shield
rNeg     + . .     Faith    .   b - +0 scale mail
rPois    ∞         Spirit   +   (no helmet)
rElec    +         Reflect  .   (no cloak)
rCorr    .         Harm     .   (no gloves)
MR       .....                  i - +0 pair of boots
Stlth    ..........             e - amulet of guardian spirit
Regen    0.1/turn               h - ring of see invisible
MPRegen  0.1/turn               (no ring)

@: mighty
A: negative energy resistance 1, electricity resistance, unbreathing,
petrification resistance, rot immunity, AC +3
a: no special abilities


You were on level 3 of the Dungeon.
You were not hungry.

You visited 1 branch of the dungeon, and saw 3 of its levels.

You collected 176 gold pieces.

Inventory:

Hand Weapons
 a - a +1 flail (weapon)
Armour
 b - a +0 scale mail (worn)
 c - a +0 shield (worn)
 i - a +0 pair of boots (worn)
Jewellery
 e - an amulet of guardian spirit (around neck)
 h - a ring of see invisible (left hand)
 j - an uncursed amulet of magic regeneration {unknown}
Scrolls
 k - a scroll of remove curse
Comestibles
 f - a bread ration
 g - 4 chunks of flesh


   Skills:
 + Level 3.7 Fighting
 + Level 3.0 Maces & Flails
 + Level 3.7 Armour
 + Level 0.2 Dodging
 + Level 4.2 Shields


You had 3 spell levels left.
You didn't know any spells.

Dungeon Overview and Level Annotations

Branches:
Dungeon (3/15)

Altars:


Innate Abilities, Weirdness & Mutations

You are resistant to torment.
Your stone body is resilient. (AC +3)
You are immune to poison.
You resist negative energy. (rN+)
You are resistant to electric shocks. (rElec)
You can survive without breathing.
You are immune to petrification.
You are immune to rotting.


Message History

The gnoll hits you from afar with a halberd.
* * * LOW HITPOINT WARNING * * *
You closely miss the gnoll.
The gnoll is severely wounded.
The gnoll closely misses you. You block the gnoll's attack.
You closely miss the gnoll.
The gnoll is severely wounded.
The gnoll completely misses you. You block the gnoll's attack.
The gnoll hits you but does no damage.
You barely miss the gnoll.
The gnoll is severely wounded.
You block the gnoll's attack. The gnoll hits you.
* * * LOW HITPOINT WARNING * * *
You barely miss the gnoll.
The gnoll is severely wounded.
You block the gnoll's attack. x2
You barely miss the gnoll.
The gnoll is severely wounded.
The gnoll hits you.
You die...

#..# #..# ##.[# ....
#..# ###.##..# $..
#.......# .... #@#
#..#. #g# .....
#g#.....# # #g#.###.#
#. #.....#.#
#.#####.#####.#
##.#....##.#####.#
#.....g..........####
##...##.(..#####....#


You could see 3 gnolls.

Vanquished Creatures
  A gnoll (D:3)
  An adder (D:3)
  3 dart slugs
  3 leopard geckos
  An orc (D:3)
  A ball python (D:1)
  2 giant cockroaches (D:2)
  5 goblins
  4 hobgoblins
  4 jackals (D:2)
  7 kobolds
  2 quokkas (D:2)
  10 bats
  5 frilled lizards
  7 rats
56 creatures vanquished.

Notes
Turn   | Place    | Note
-------+----------+-------------------------------------------
     0 | D:1      | JeffiDaFish the Gargoyle Fighter began the quest for the Orb.
     0 | D:1      | Reached XP level 1. HP: 14/14 MP: 1/1
    60 | D:1      | Reached XP level 2. HP: 19/19 MP: 2/2
   344 | D:1      | Reached XP level 3. HP: 21/23 MP: 3/3
   777 | D:2      | Reached skill level 4 in Shields
  1261 | D:2      | Reached XP level 4. HP: 28/28 MP: 4/4
  1389 | D:3      | HP: 1/29 [gnoll (2)]
  1391 | D:3      | Slain by a gnoll

Vault maps used:
D:1:      dpeg_arrival_erosion
D:3:      gammafunk_temple_overflow_pools, marbit_many_paths,
          overflow_temple_1_default, first_bread, minivault_4

Skill      XL: |  1  2  3  4 |
---------------+-------------+-----
Shields        | 4 |  4.2
Maces & Flails | 3 |  3.0
Fighting       | |  3.7
Armour         | |  3.7
Dodging        | |  0.2

Action                   |  1- 3 |  4- 6 || total
-------------------------+-------+-------++-------
Melee: Flail             |   158 |    36 ||   194
  Use: Scroll            |     8 |       ||     8
       Potion            |     2 |     1 ||     3
  Eat: Chunk             |     2 |       ||     2
Armor: Scale mail        |    95 |    28 ||   123
Dodge: Dodged            |    51 |    13 ||    64
Block: Shield            |    87 |    21 ||   108
